[Event "Edmonton CC U1800"]
[Site "Edmonton CAN"]
[Date "2012.09.01"]
[Round "1"]
[White "Lacy, Ryan"]
[Black "Yao, David"]
[Result "1-0"]
[ECO "C01"]
[WhiteElo "1722"]
[BlackElo "1391"]
[PlyCount "73"]
[GameId "2160767738377201"]
[EventDate "2012.09.01"]
[EventType "swiss"]
[EventRounds "5"]
[EventCountry "CAN"]
[TimeControl "40/18000+30:20/10800:1800"]

{544MB, Rybka3Gen.ctg} 1. e4 e6 2. d4 d5 3. exd5 exd5 4. Bd3 c6 5. Nf3 Nf6 6. O-O Bd6 7. Re1+ Be6 8. Bf5 Qc8 9. Ng5 Ne4 10. Bxe6 fxe6 11. Nxe4 dxe4 12. Rxe4 O-O 13. Qg4 Rf6 14. Bg5 Rg6 15. Qh5 Qf8 16. Rh4 Rxg5 17. Qxg5 Be7 18. Qh5 Bxh4 19. Qxh4 Qf6 20. Qxf6 gxf6 21. Nd2 Nd7 22. Re1 Kf7 23. Nc4 b5 24. Nd6+ Ke7 25. Ne4 Rc8 26. Re3 c5 27. dxc5 f5 28. Ng5 Nxc5 29. Kf1 h6 30. Nf3 Ne4 31. Nd4 a6 32. f3 Ng5 33. Nxf5+ Kf6 34. Nxh6 Rxc2 35. Re2 Rxe2 36. Kxe2 Ke5 37. Ke3 1-0

[Event "Edmonton CC U1800"]
[Site "Edmonton CAN"]
[Date "2012.09.01"]
[Round "1"]
[White "Sponga, George"]
[Black "Reichert, Wayne"]
[Result "1-0"]
[ECO "A20"]
[WhiteElo "1494"]
[BlackElo "1187"]
[PlyCount "51"]
[GameId "2160767738377204"]
[EventDate "2012.09.01"]
[EventType "swiss"]
[EventRounds "5"]
[EventCountry "CAN"]
[TimeControl "40/18000+30:20/10800:1800"]

{544MB, Rybka3Gen.ctg} 1. c4 e5 2. g3 Nf6 3. Bg2 c6 4. Nf3 d6 5. Qb3 b6 6. Ng5 Qc7 7. O-O h6 8. Nf3 Be7 9. d3 Be6 10. Nbd2 O-O 11. Qc2 Re8 12. b3 Bf8 13. e4 g6 14. h3 Bg7 15. a3 c5 16. Nh2 Qd7 17. g4 Nc6 18. Bb2 Rac8 19. f4 exf4 20. Rxf4 g5 21. Rxf6 Nd4 22. Bxd4 cxd4 23. Rf2 b5 24. Raf1 f6 25. Qb2 bxc4 26. dxc4 1-0

[Event "RA Summer Pickup #2"]
[Site "Ottawa CAN"]
[Date "2012.07.05"]
[Round "2"]
[White "Cohen, David"]
[Black "De Kerpel, Stijn"]
[Result "0-1"]
[ECO "D07"]
[WhiteElo "1904"]
[BlackElo "2132"]
[PlyCount "52"]
[GameId "2160767739579314"]
[EventDate "2012.06.28"]
[EventType "swiss"]
[EventRounds "6"]
[EventCountry "CAN"]
[TimeControl "5400+30"]

1. d4 d5 2. c4 Nc6 3. e3 e5 4. Nc3 dxc4 5. Nf3 Bb4 6. Bxc4 Bg4 7. Qb3 Qe7 8. Nxe5 Nxe5 9. dxe5 O-O-O 10. O-O Bxc3 11. bxc3 Qxe5 12. Rb1 b6 13. Ba6+ Kb8 14. c4 Nf6 15. Bb2 Qg5 16. f4 Qf5 17. Bd4 Nd7 18. Qa3 c5 19. Rb5 Be2 20. Bxc5 Nxc5 21. Rfb1 Kc7 22. Qb2 Rd1+ 23. Rxd1 Bxd1 24. Qxg7 Rd8 25. h3 Ba4 26. g4 Qe6 {Black wins on time} 0-1

[Event "Toronto int."]
[Site "Toronto CAN"]
[Date "2012.07.15"]
[Round "1"]
[White "Cohen, David"]
[Black "Whissell, Mavros"]
[Result "1-0"]
[ECO "D15"]
[WhiteElo "1904"]
[BlackElo "2139"]
[PlyCount "137"]
[GameId "2160767740551373"]
[EventDate "2012.07.15"]
[EventType "swiss"]
[EventRounds "7"]
[EventCountry "CAN"]
[TimeControl "5400+30"]

1. d4 d5 2. c4 c6 3. Nc3 Nf6 4. Nf3 dxc4 5. e4 b5 6. a3 Bb7 7. Bg5 Qa5 8. Bd2 Qb6 9. Be2 e6 10. O-O Nbd7 11. Re1 Be7 12. Rc1 O-O 13. Qc2 e5 14. Nxe5 Nxe5 15. dxe5 Nd7 16. Bf4 Bc5 17. Bg4 Rad8 18. Rcd1 Bc8 19. Qe2 Kh8 20. Rd2 f6 21. exf6 Nxf6 22. Rxd8 Bxf2+ 23. Qxf2 Qxf2+ 24. Kxf2 Nxg4+ 25. Kg3 Rxd8 26. e5 Rd3+ 27. Kh4 h6 28. e6 Nf6 29. Ne4 Rd4 30. Nxf6 Rxf4+ 31. Ng4 Kg8 32. Kg3 Rd4 33. h3 Bxe6 34. Rxe6 Rd2 35. Rxc6 Rxb2 36. Ne5 Rb3+ 37. Kf4 Rxa3 38. Kf5 Ra2 39. g4 Rf2+ 40. Ke4 Rh2 41. Rc8+ Kh7 42. Nc6 a6 43. Nb4 a5 44. Nc6 Rxh3 45. Nd4 Rh4 46. Kf5 Rh3 47. Nxb5 Rf3+ 48. Ke4 Rb3 49. Nd6 c3 50. Kf5 Rb6 51. Ne4 a4 52. Nxc3 Rf6+ 53. Ke5 a3 54. Ra8 Rg6 55. Kf4 Rf6+ 56. Kg3 Rd6 57. Rxa3 Rd3+ 58. Kf4 Rh3 59. Nb5 Rxa3 60. Nxa3 g5+ 61. Kf5 Kg7 62. Nc4 Kf7 63. Nd6+ Kg7 64. Ne8+ Kf7 65. Nf6 Kg7 66. Ke6 Kf8 67. Nh5 Kg8 68. Kf6 Kh7 69. Kf7 1-0

[Event "Toronto int."]
[Site "Toronto CAN"]
[Date "2012.07.15"]
[Round "2"]
[White "Peev, Pavel"]
[Black "Cohen, David"]
[Result "1-0"]
[ECO "C07"]
[WhiteElo "2118"]
[BlackElo "1904"]
[PlyCount "111"]
[GameId "2160767740551374"]
[EventDate "2012.07.15"]
[EventType "swiss"]
[EventRounds "7"]
[EventCountry "CAN"]
[TimeControl "5400+30"]

1. e4 e6 2. d4 d5 3. Nd2 c5 4. Ngf3 cxd4 5. Nxd4 Nc6 6. Bb5 Bd7 7. Nxc6 bxc6 8. Bd3 Bd6 9. Nf3 Ne7 10. Qe2 Ng6 11. e5 Bc7 12. O-O Qb8 13. Re1 O-O 14. Ng5 Bxe5 15. Qh5 Bxh2+ 16. Qxh2 Qxh2+ 17. Kxh2 h6 18. Nf3 f5 19. Ne5 Nxe5 20. Rxe5 g5 21. b3 a5 22. Ba3 Rfc8 23. Bc5 Kf7 24. Rae1 Re8 25. f3 Kf6 26. Kg3 Kf7 27. Kf2 Kf6 28. Bd4 Kf7 29. Ke3 Rec8 30. Bc5 Re8 31. Kd4 Kf6 32. a4 Kf7 33. R5e2 Kf6 34. Bd6 Kf7 35. Ke5 Rec8 36. Bc5 Rcb8 37. g3 Rb7 38. Rh1 Kg7 39. Reh2 Rh8 40. Bd4 Kg6 41. g4 Rh7 42. Bc5 Rh8 43. Kd4 Rh7 44. Ba6 Rb8 45. Bd6 Rb6 46. Bd3 Rb7 47. Rh5 Rh8 48. f4 gxf4 49. Bxf4 Rh7 50. Rxh6+ Rxh6 51. Rxh6+ Kg7 52. g5 Rb4+ 53. Ke5 Rb7 54. Kd6 Kg8 55. Be5 Ra7 56. g6 1-0

[Event "Toronto int."]
[Site "Toronto CAN"]
[Date "2012.07.16"]
[Round "3"]
[White "Knox, Christopher"]
[Black "Cohen, David"]
[Result "1-0"]
[ECO "D30"]
[WhiteElo "2068"]
[BlackElo "1904"]
[PlyCount "53"]
[GameId "2160767740551375"]
[EventDate "2012.07.15"]
[EventType "swiss"]
[EventRounds "7"]
[EventCountry "CAN"]
[TimeControl "5400+30"]

1. d4 d5 2. c4 c6 3. Nf3 Nf6 4. e3 e6 5. b3 Nbd7 6. Bd3 Bd6 7. Bb2 O-O 8. O-O b6 9. Nbd2 Re8 10. Ne5 Bb7 11. f4 Qc7 12. Rf3 c5 13. Rg3 Bxe5 14. fxe5 Ne4 15. Bxe4 dxe4 16. Qg4 g6 17. Nxe4 Bxe4 18. Qxe4 Rab8 19. Rf1 Qb7 20. Qh4 Nf8 21. Rgf3 Qe7 22. Qh6 Rb7 23. Bc3 cxd4 24. exd4 f5 25. exf6 Qf7 26. Bb4 Rd7 27. Qg7+ 1-0

[Event "Toronto int."]
[Site "Toronto CAN"]
[Date "2012.07.17"]
[Round "4"]
[White "Cohen, David"]
[Black "Olden-Cooligan, Ben"]
[Result "0-1"]
[ECO "D48"]
[WhiteElo "1904"]
[BlackElo "1979"]
[PlyCount "126"]
[GameId "2160767740551376"]
[EventDate "2012.07.15"]
[EventType "swiss"]
[EventRounds "7"]
[EventCountry "CAN"]
[TimeControl "5400+30"]

1. d4 d5 2. c4 c6 3. Nc3 Nf6 4. Nf3 e6 5. e3 Nbd7 6. Bd3 dxc4 7. Bxc4 b5 8. Bd3 Bb7 9. O-O a6 10. Re1 c5 11. b3 Rc8 12. Bb2 cxd4 13. exd4 Bb4 14. Rc1 Nd5 15. Ne4 Rxc1 16. Bxc1 Bxe1 17. Nd6+ Ke7 18. Nxb7 Qb6 19. Qxe1 Qxb7 20. Be4 Rc8 21. h3 h6 22. a4 N7f6 23. Bd3 Nc3 24. axb5 axb5 25. Bd2 Nfd5 26. Qe5 Nf6 27. Nh4 Kf8 28. Bxh6 Ncd5 29. Bd2 Qc6 30. g4 Ra8 31. g5 Ra1+ 32. Kh2 Nd7 33. Qe2 Qd6+ 34. Kg2 Nf4+ 35. Bxf4 Qxf4 36. Nf3 b4 37. g6 Nf6 38. gxf7 Kxf7 39. Bc4 Nd5 40. Ne5+ Kg8 41. Nf3 Qd6 42. Bxd5 Qxd5 43. Kg3 Ra3 44. Kh2 Rxb3 45. Nd2 Rb2 46. Qd3 Qd6+ 47. Kg2 Qf4 48. Ne4 Ra2 49. d5 Ra3 50. Qe2 exd5 51. Ng3 Rxg3+ 52. fxg3 Qe4+ 53. Kf2 Qxe2+ 54. Kxe2 Kf7 55. h4 Kf6 56. g4 Ke5 57. Ke3 d4+ 58. Kd3 b3 59. g5 Kf4 60. Kd2 Kg4 61. Kc1 d3 62. g6 Kxh4 63. Kb2 d2 0-1

[Event "Toronto int."]
[Site "Toronto CAN"]
[Date "2012.07.18"]
[Round "5"]
[White "Evans, Bill"]
[Black "Cohen, David"]
[Result "1-0"]
[ECO "D46"]
[WhiteElo "1993"]
[BlackElo "1904"]
[PlyCount "75"]
[GameId "2160767740551377"]
[EventDate "2012.07.15"]
[EventType "swiss"]
[EventRounds "7"]
[EventCountry "CAN"]
[TimeControl "5400+30"]

1. d4 d5 2. c4 c6 3. Nf3 Nf6 4. Nc3 e6 5. e3 Bd6 6. Bd3 Nbd7 7. O-O b6 8. e4 dxe4 9. Nxe4 Be7 10. Re1 Bb7 11. Qc2 Nxe4 12. Bxe4 Nf6 13. Bf4 Nxe4 14. Qxe4 Bf6 15. Ne5 O-O 16. Re3 Qe7 17. Rh3 g6 18. Bh6 Rfd8 19. Qf4 c5 20. dxc5 bxc5 21. Re1 Rd4 22. Qc1 Rad8 23. Rhe3 Qd6 24. h3 Rd2 25. Rb3 Rd1 26. Ng4 Rxc1 27. Nxf6+ Kh8 28. Rxc1 Qc6 29. Rg3 e5 30. Ng4 f6 31. Rf3 Qc7 32. Rxf6 Kg8 33. Re1 e4 34. Bf4 Qa5 35. Nh6+ Kh8 36. Rf8+ Kg7 37. Rf7+ Kh8 38. Be5# 1-0

[Event "Toronto int."]
[Site "Toronto CAN"]
[Date "2012.07.19"]
[Round "6"]
[White "Ye, Stephen"]
[Black "Cohen, David"]
[Result "1-0"]
[ECO "C00"]
[WhiteElo "1909"]
[BlackElo "1904"]
[PlyCount "65"]
[GameId "2160767740551378"]
[EventDate "2012.07.15"]
[EventType "swiss"]
[EventRounds "7"]
[EventCountry "CAN"]
[TimeControl "5400+30"]

1. e4 e6 2. f4 d5 3. e5 c5 4. Nf3 Nc6 5. c3 Qb6 6. Na3 Bd7 7. Nc2 Nh6 8. d3 Nf5 9. Be2 h5 10. g3 Be7 11. O-O O-O-O 12. Rb1 f6 13. Be3 Nxe3 14. Nxe3 g5 15. exf6 Bxf6 16. fxg5 Be7 17. Qd2 Rdg8 18. h4 Qc7 19. Kh2 Bd6 20. Rg1 Ne7 21. b4 Nf5 22. Nxf5 exf5 23. bxc5 Bxc5 24. d4 Bd6 25. Ne5 Bxe5 26. dxe5 Qxe5 27. Bf3 Bc6 28. Rge1 Qd6 29. c4 Rd8 30. cxd5 Bxd5 31. Red1 f4 32. Qxd5 fxg3+ 33. Kg2 1-0

[Event "Toronto int."]
[Site "Toronto CAN"]
[Date "2012.07.20"]
[Round "7"]
[White "Cohen, David"]
[Black "Vasquez, Jose Luis"]
[Result "0-1"]
[ECO "B38"]
[WhiteElo "1904"]
[BlackElo "1927"]
[PlyCount "116"]
[GameId "2160767740551379"]
[EventDate "2012.07.15"]
[EventType "swiss"]
[EventRounds "7"]
[EventCountry "CAN"]
[TimeControl "5400+30"]

1. d4 g6 2. c4 Bg7 3. Nc3 Nf6 4. e4 d6 5. Nf3 O-O 6. Be2 c5 7. O-O cxd4 8. Nxd4 Nc6 9. Be3 Be6 10. Nxe6 fxe6 11. Qd2 Rc8 12. Rac1 Ne5 13. b3 b6 14. f3 Nc6 15. Rfd1 Nd7 16. Bh6 Bxh6 17. Qxh6 Rf6 18. f4 Qf8 19. Qh3 Rd8 20. Bg4 Qf7 21. g3 h5 22. Be2 Kg7 23. Rd2 e5 24. Nd5 exf4 25. gxf4 Rxf4 26. Nxf4 Qxf4 27. Rcd1 Qxe4 28. Qf3 Qxf3 29. Bxf3 Nce5 30. Bd5 Nf6 31. Rf1 Rc8 32. Be6 Rc5 33. Rg2 a5 34. h3 b5 35. cxb5 Rxb5 36. Rc1 Rb7 37. Rc8 Nd3 38. Rg3 Nf4 39. Bc4 d5 40. Bf1 e5 41. Kh2 a4 42. Rg5 e4 43. Kh1 axb3 44. axb3 e3 45. Re5 Ne4 46. Ree8 e2 47. Rg8+ Kf6 48. Rgf8+ Ke5 49. Bxe2 Nxe2 50. Rb8 Rc7 51. Rbc8 Rxc8 52. Rxc8 d4 53. Rd8 d3 54. Kg2 d2 55. Kf3 Nd4+ 56. Rxd4 Kxd4 57. Ke2 Kc3 58. Kd1 Kd3 0-1